 Dungeon Crawl Stone Soup version 0.28-a0-932-g843f935a50 (webtiles) character file.

Game seed: 16554393253254716738

102 ders the Digger (level 4, -1/24 HPs)
             Began as a Gargoyle Earth Elementalist on Nov 27, 2021.
             Slain by an adder (4 damage)
             ... on level 4 of the Dungeon.
             The game lasted 00:02:56 (2417 turns).

ders the Digger (Gargoyle Earth Elementalist)       Turns: 2417, Time: 00:02:57

Health: -1/24      AC:  5    Str: 12    XL:     4   Next: 77%
Magic:  0/8        EV: 11    Int: 16    God:
Gold:   88         SH:  0    Dex: 10    Spells: 5/9 levels left

rFire   . . .      SeeInvis .   j - +0 short sword (speed)
rCold   . . .      Faith    .   (no shield)
rNeg    + . .      Spirit   .   b - +0 robe
rPois   ∞          Reflect  .   (no helmet)
rElec   +          Harm     .   (no cloak)
rCorr   .          Rampage  .   (no gloves)
Will    .....                   (no boots)
Stlth   ++........              (no amulet)
HPRegen 0.08/turn               (no ring)
MPRegen 0.11/turn               (no ring)

@: no status effects
A: sickness immunity, AC +3, negative energy resistance 1, electricity
resistance, torment resistance 1, petrification resistance
a: no special abilities


You were on level 4 of the Dungeon.
You visited 1 branch of the dungeon, and saw 4 of its levels.

You collected 88 gold pieces.

Inventory:

Hand Weapons
 j - a +0 short sword of speed (weapon)
Armour
 b - a +0 robe (worn)
 l - a +0 buckler
Scrolls
 d - a scroll of holy word {unknown}
 e - a scroll of teleportation {unknown}
 h - 2 scrolls of identify {unknown}
 i - a scroll of fear {unknown}
Potions
 a - 2 potions of heal wounds {unknown}
 f - a potion of might {unknown}
 g - a potion of berserk rage {unknown}
 k - a potion of mutation {unknown}


   Skills:
 - Level 1.5 Dodging
 - Level 2.1 Stealth
 + Level 3.0 Spellcasting
 + Level 2.5 Conjurations
 - Level 0.7 Transmutations
 + Level 4.7 Earth Magic


You had 5 spell levels left.
You knew the following spells:

 Your Spells              Type           Power      Damage    Failure   Level
a - Sandblast             Erth           34%        2d9       2%          1
b - Stone Arrow           Conj/Erth      28%        3d8       13%         3

Your spell library contained the following spells:

 Spells                   Type           Power      Damage    Failure   Level
 Passwall                 Tmut/Erth      9%         N/A       10%         2
 Animate Skeleton         Necr           4%         N/A       19%         1
 Apportation              Tloc           4%         N/A       19%         1
 Summon Small Mammal      Summ           8%         N/A       19%         1
 Petrify                  Tmut/Erth      11%        N/A       52%         4


Dungeon Overview and Level Annotations

Branches:
Dungeon (4/15)
 Temple: D:4-7

Altars:

Annotations:
D:3 Sigmund


Innate Abilities, Weirdness & Mutations

You are immune to sickness and miasma.
Your stone body is resilient. (AC +3)
You are immune to poison.
You resist negative energy. (rN+)
You are resistant to electric shocks. (rElec)
You are resistant to unholy torment.
You are immune to petrification.


Message History

The phantom is moderately damaged.
The adder bites you.
The phantom hits you but does no damage.
There is a stone staircase leading up here.
Found 19 gold pieces, 11 poisoned darts and 25 stones.
The adder bites you but does no damage.
An orc comes into view. It is wielding a +0 hand axe.
Found a smoky puce potion.
Found a stone staircase leading down.
The adder barely misses you.
An endoplasm comes into view.
Found a scroll labelled DAMAIX HA ODIHYC.
The endoplasm quivers.
The adder barely misses you.
The endoplasm jiggles.
The adder bites you but does no damage. The adder bites you.
* * * LOW HITPOINT WARNING * * *
There is a stone staircase leading up here.
Casting: Stone Arrow (quite dangerous; 13% risk of failure)
Confirm with . or Enter, or press ? or * to list all spells.
You don't have enough magic to cast this spell.
Unknown command.
The adder bites you.
* * * LOW HITPOINT WARNING * * *
The orc suddenly jeers.
A ball python comes into view.
Found 15 gold pieces.
The adder closely misses you.
Casting: Stone Arrow (quite dangerous; 13% risk of failure)
Confirm with . or Enter, or press ? or * to list all spells.
Aiming: Stone Arrow (quite dangerous; 13% risk of failure)
Press: ? - help, Shift-Dir - straight line, f/p - phantom
Aim: a phantom (moderately damaged, 56% to hit)
The stone arrow hits the adder!
The adder is almost dead.
The adder bites you.
* * * LOW HITPOINT WARNING * * *
Unknown command.
The adder bites you.
You die...

...#.....#####..##.?
≈.........o........##
...#....####........#
.≈≈.....# #.........#
.≈≈....<###...>.....#
...##....##........#
## ####..#........#
##.J...$.(..#
#...o..S@..#
#...##..W....#
#.###.....S..# #..
#........$.# #.
#..........# #
#..........#
#.....!....#
##........##


You could see a phantom, an adder, an orc, an endoplasm and a ball python.

Vanquished Creatures
  5 adders
  2 dart slugs
  3 orcs (D:3)
  7 endoplasms
  A giant cockroach (D:2)
  6 goblins
  A hobgoblin (D:3)
  4 jackals
  3 kobolds (D:1)
  A quokka (D:2)
  5 ball pythons
  5 bats (D:1)
  3 frilled lizards
  2 rats
48 creatures vanquished.

Notes
Turn   | Place    | Note
-------+----------+-------------------------------------------
     0 | D:1      | ders the Gargoyle Earth Elementalist began the quest for
                  | the Orb.
     0 | D:1      | Reached XP level 1. HP: 10/10 MP: 3/3
   295 | D:1      | Reached XP level 2. HP: 15/15 MP: 1/5
   423 | D:1      | Reached skill level 1 in Conjurations
   633 | D:1      | Reached skill level 4 in Earth Magic
  1004 | D:1      | Found a faded altar of an unknown god.
  1111 | D:1      | Reached XP level 3. HP: 19/19 MP: 3/6
  1115 | D:1      | Learned a level 3 spell: Stone Arrow
  1762 | D:2      | Reached XP level 4. HP: 24/24 MP: 6/8
  2371 | D:3      | Noticed Sigmund
  2385 | D:4      | Noticed a phantom
  2417 | D:4      | Slain by an adder

Illustrated notes

Levels and vault maps discovered:
D:1:      shiori_arrival_elements, layout_loops_corners,
          hellmonk_ecumenical_altar_crossroads
D:2:      layout_basic, grunt_ministairs_3
D:3:      layout_rooms, minmay_misc_feat_nine_boxes, minmay_fountain_box,
          uniq_sigmund
D:4:      layout_rooms, nicolae_uskayaw_suspiria, minmay_lizard_king,
          uniq_natasha, uniq_blork_the_orc

Skill      XL: |  1  2  3  4 |
---------------+-------------+-----
Conjurations   | 1 2 |  2.5
Earth Magic    | 4 |  4.7
Spellcasting   | 3 |  3.0
Dodging        | |  1.5
Stealth        | |  2.1
Transmutations | |  0.7

Action                   |  1- 3 |  4- 6 || total
-------------------------+-------+-------++-------
Melee: Unarmed           |     4 |       ||     4
       Short sword       |       |     4 ||     4
 Cast: Sandblast         |    50 |    25 ||    75
       Stone Arrow       |       |     3 ||     3
Armor: Robe              |     6 |     8 ||    14
Dodge: Dodged            |    24 |    10 ||    34

Table legend: (Time is in decaauts)
 A = Elapsed time spent in this place.
 B = Non-inter-level travel time spent in this place.
 C = Inter-level travel time spent in this place.
 D = Time resting spent in this place.
 E = Time spent auto-exploring this place.
 F = Levels seen in this place.
 G = Mean time per level.
                   A        B        C        D        E       F      G
               +--------+--------+--------+--------+--------+-----+--------+
         Total |   2415 |   2342 |     73 |    184 |   1887 |   4 |  603.8 |
       Dungeon |   2415 |   2342 |     73 |    184 |   1887 |   4 |  603.8 |
               +--------+--------+--------+--------+--------+-----+--------+

Top non-repeatable levels by time:
     D:1: 1285 daAuts
     D:2: 988 daAuts
     D:3: 107 daAuts
     D:4: 33 daAuts
